[Event "Team 45 45 League T53"]
[Site "Internet Chess Club"]
[Date "2012.05.31"]
[Round "2"]
[White "McKnights"]
[Black "Grenadier"]
[Result "0-1"]
[WhiteElo "1786"]
[BlackElo "1787"]
[Opening "Caro-Kann defense"]
[ECO "B10"]
[Time "22:04:47"]
[TimeControl "2700+45"]

1. e4 c6 2. Nf3 d5 3. exd5 cxd5 4. d4 Bg4 5. Bd3 Nf6 6. Bf4 e6 7. O-O Nc6 8. c3
Be7 9. Nbd2 Rc8 10. Re1 O-O 11. Qb3 Na5 12. Qa4 a6 13. Qc2 Bh5 14. Ne5 Nc6 15.
Nxc6 Rxc6 16. Nf1 Bg6 17. Ng3 Nh5 18. Nxh5 Bxh5 19. Bxh7+ Kh8 20. Bd3 Bg5 21.
Qd2 Bxf4 22. Qxf4 Qf6 23. Qg3 Bg6 24. Re5 Rb6 25. b3 Rc6 26. Rc1 Rfc8 27. c4
dxc4 28. bxc4 Bxd3 29. Qxd3 Rd8 30. Rce1 Rcd6 31. d5 g6 32. Qh3+ Kg7 33. dxe6
Qxe5 34. Rf1 Rxe6 35. Qb3 Rd7 36. g3 Rde7 37. Rd1 Rd6 38. Rf1 Rd2 39. a4 Qb2 40.
Qf3 Ree2 41. Qf4 Qf6 42. Qxf6+ Kxf6 43. Kg2 Ra2 44. Kf3 Rec2 45. Rb1 Rxf2+ 46.
Kg4 Rxa4 47. Rb6+ Kg7 48. Rxb7 Rxc4+ 49. Kh3 Rcc2 50. Kg4 Rxh2 51. Ra7 Ra2 52.
Kf3 a5 53. Ke4 a4 54. Kd4 a3 55. Kc3 Rag2 56. Kb3 Rxg3+ 57. Kb4 a2 58. Kc4 Rg1
{White resigns} 0-1

[Event "Team 45 45 League T53"]
[Site "Internet Chess Club"]
[Date "2012.05.28"]
[Round "2"]
[White "zepled37"]
[Black "subterfuge"]
[Result "1/2-1/2"]
[WhiteElo "1609"]
[BlackElo "1718"]
[Opening "Caro-Kann: Panov-Botvinnik attack, 5...e6"]
[ECO "B14"]
[Time "20:07:20"]
[TimeControl "2700+45"]

1. e4 c6 2. d4 d5 3. exd5 cxd5 4. c4 Nf6 5. Nc3 e6 6. Nf3 Nc6 7. cxd5 Nxd5 8.
Bc4 Nxc3 9. bxc3 Bd6 10. O-O O-O 11. Be3 Qa5 12. Rc1 b5 13. Bb3 Bb7 14. Qe2 Rfe8
15. Rfd1 Rac8 16. Qd3 Ne7 17. Ng5 g6 18. Bd2 b4 19. Qh3 h5 20. Bxe6 Bd5 21. Bxd5
Qxd5 22. c4 Rxc4 23. Rxc4 Qxc4 24. Qd7 Qc6 25. Qxc6 Nxc6 26. Be3 f6 27. Nf3 Ne7
28. Kf1 Kf7 29. h4 Rc8 30. Ke2 Nd5 31. Rc1 Rxc1 32. Bxc1 Nc3+ 33. Kd3 Nxa2 34.
Bb2 Bf4 35. Kc4 Ke7 36. Kb3 Nc1+ 37. Bxc1 Bxc1 38. Kxb4 Kd6 39. Kb5 Kd5 40. Ka6
Bb2 41. Kxa7 Bxd4+ 42. Nxd4 Kxd4 43. Kb6 g5 44. Kc6 Ke4 45. Kd6 gxh4 46. Ke6 h3
47. gxh3 f5 48. Kf6 Kf4 49. Kg6 h4 50. Kh5 Kf3 51. Kxh4 Kf4 {Game drawn by
mutual agreement} 1/2-1/2

[Event "Team 45 45 League T53"]
[Site "Internet Chess Club"]
[Date "2012.05.24"]
[Round "2"]
[White "BrerRabbit"]
[Black "radiohead"]
[Result "1-0"]
[WhiteElo "1499"]
[BlackElo "1404"]
[Opening "English, 1...Nf6 (Anglo-Indian defense)"]
[ECO "A15"]
[Time "20:31:32"]
[TimeControl "2700+45"]

1. c4 Nf6 2. g3 g6 3. Bg2 d6 4. Nc3 Bg7 5. e4 c5 6. Nge2 Nc6 7. O-O O-O 8. d3
Rb8 9. h3 Bd7 10. Be3 Ne5 11. d4 Nxc4 12. Bc1 cxd4 13. Nxd4 a6 14. b3 Ne5 15.
Be3 Qc8 16. Rc1 Qd8 17. Nd5 Nxd5 18. exd5 Rc8 19. Qd2 e6 20. f4 Rxc1 21. Rxc1
Qf6 22. fxe5 Qxe5 23. Kh2 exd5 24. Rd1 Bc6 25. Nxc6 bxc6 26. Bd4 Qe7 27. Bxg7
Kxg7 28. Qc3+ Kg8 29. Qxc6 Qe2 30. Qxd5 Qxa2 31. Qd3 Rb8 32. Rd2 Qxb3 33. Qxb3
Rxb3 34. Rxd6 a5 35. Ra6 Rb5 36. h4 Kf8 37. Ra7 h5 38. Bc6 Re5 39. Ba4 g5 40.
hxg5 Rxg5 41. Kh3 Re5 42. Bb3 f6 43. Rf7+ Ke8 44. Rxf6 Kd8 45. Rh6 Kc7 46. Bd1
Kb7 47. Rxh5 Rxh5+ 48. Bxh5 Kb6 49. Bf7 a4 50. g4 a3 51. g5 Kc7 52. g6 {Black
resigns} 1-0

[Event "Team 45 45 League T53"]
[Site "Internet Chess Club"]
[Date "2012.05.26"]
[Round "2"]
[White "barbak"]
[Black "parpin"]
[Result "1-0"]
[WhiteElo "1917"]
[BlackElo "1952"]
[Opening "French: Tarrasch, closed variation"]
[ECO "C05"]
[Time "14:00:55"]
[TimeControl "2700+45"]

1. e4 e6 2. d4 d5 3. Nd2 Nf6 4. e5 Nfd7 5. Bd3 c5 6. c3 Nc6 7. Ngf3 Qb6 8. O-O
cxd4 9. cxd4 Nxd4 10. Nxd4 Qxd4 11. Nf3 Qb6 12. Qc2 Qc6 13. Qe2 Bc5 14. Bd2 a5
15. Rac1 O-O 16. Bxh7+ Kxh7 17. Ng5+ Kg6 18. h4 f5 19. Rxc5 Nxc5 20. h5+ Kh6 21.
Nxe6+ Kh7 22. Nxf8+ Kg8 23. Ng6 Kf7 24. Rc1 b6 25. Be3 Be6 26. Qf3 Rc8 27. g4 d4
28. Qxc6 Rxc6 29. Bxd4 fxg4 30. a3 Rc8 31. Nf4 Bd7 32. Nd5 Nd3 33. Rxc8 Bxc8 34.
Nxb6 Bf5 35. Nc4 Ke6 36. Nxa5 Kd5 37. Bc3 Nf4 38. Kh2 Ke4 39. Nc4 Kf3 40. Nd6
Bd7 41. Bd4 Nd3 42. e6 Bxe6 43. Bxg7 Nxf2 44. Be5 Bb3 45. Nb5 Bg8 46. b4 Ne4 47.
Nd4+ Kf2 48. Nf5 Nd2 49. Bg3+ Ke2 50. Bf4 Nc4 51. Kg3 Nxa3 52. Kxg4 Kd3 53. Kg5
Bh7 54. Ne7 Nb5 55. Ng6 {Black resigns} 1-0

[Event "Team 45 45 League T53"]
[Site "Internet Chess Club"]
[Date "2012.05.28"]
[Round "2"]
[White "Goli"]
[Black "tsia68"]
[Result "1-0"]
[WhiteElo "1892"]
[BlackElo "1791"]
[Opening "French: exchange variation"]
[ECO "C01"]
[Time "16:14:30"]
[TimeControl "2700+45"]

1. e4 e6 2. d4 d5 3. exd5 exd5 4. Bd3 Bd6 5. Ne2 Ne7 6. Nbc3 c6 7. Bg5 f6 8. Bf4
Bf5 9. Bxf5 Nxf5 10. Qd3 Ne7 11. O-O-O Qc7 12. g3 Nd7 13. Rde1 O-O-O 14. Bxd6
Qxd6 15. Nf4 Nf8 16. Na4 g5 17. Ng2 Nd7 18. Ne3 h5 19. Nf5 Nxf5 20. Qxf5 b6 21.
Re6 Qb4 22. Rxc6+ Kb7 23. Qxd5 {Black resigns} 1-0

[Event "Team 45 45 League T53"]
[Site "Internet Chess Club"]
[Date "2012.05.28"]
[Round "2"]
[White "Ayensa80"]
[Black "bayoumicardio10"]
[Result "1-0"]
[WhiteElo "1672"]
[BlackElo "1698"]
[Opening "Pirc defense"]
[ECO "B07"]
[Time "15:00:27"]
[TimeControl "2700+45"]

1. e4 d6 2. d4 Nf6 3. Nc3 g6 4. Be3 c6 5. h3 Nbd7 6. Nf3 Qc7 7. Qd2 b5 8. Bd3
Bb7 9. a4 b4 10. Ne2 a5 11. c3 bxc3 12. bxc3 e5 13. O-O Ba6 14. Rfb1 Bg7 15.
Bxa6 Rxa6 16. Qd3 Ra8 17. Nd2 O-O 18. g3 Rfb8 19. Kg2 d5 20. exd5 cxd5 21. dxe5
Nxe5 22. Qd4 Rxb1 23. Rxb1 Nc6 24. Qc5 Bf8 25. Bf4 Bxc5 26. Bxc7 Rc8 27. Bb6
Bxb6 28. Rxb6 Ne4 29. Nxe4 dxe4 30. Nf4 Ne5 31. Rb5 Nc4 32. Nd5 Kg7 33. g4 h6
34. h4 Kf8 35. Kg3 Ke8 36. Nf6+ Ke7 37. Nxe4 Nd6 38. Nxd6 Rxc3+ 39. f3 Kxd6 40.
Rxa5 Ra3 41. Ra7 Ke6 42. a5 f6 43. a6 f5 44. gxf5+ gxf5 45. Rh7 Kf6 46. Rxh6+
Kg7 47. Rb6 Kf8 48. h5 Ra4 49. h6 Kg8 50. f4 Kh7 51. Kh4 Rxf4+ 52. Kg5 Rg4+ 53.
Kxf5 Ra4 54. Ke5 Ra5+ 55. Kd6 Kxh6 56. Kc7+ Kh7 57. Kb7 Rg5 58. Rc6 Rb5+ 59. Rb6
Rg5 60. a7 Rg7+ 61. Ka6 Rg8 62. Rc6 Rg1 63. Kb7 Rb1+ 64. Rb6 {Black resigns} 1-0

[Event "Team 45 45 League T53"]
[Site "Internet Chess Club"]
[Date "2012.05.27"]
[Round "2"]
[White "Hal2001"]
[Black "Konstantinos"]
[Result "0-1"]
[WhiteElo "1635"]
[BlackElo "1702"]
[Opening "Scotch gambit"]
[ECO "C44"]
[Time "07:03:50"]
[TimeControl "2700+45"]

1. e4 e5 2. Nf3 Nc6 3. d4 exd4 4. Bc4 h6 5. Nxd4 d6 6. O-O Be7 7. Nf5 Bxf5 8.
exf5 Nf6 9. Nc3 Qd7 10. Qf3 O-O 11. Qh3 Ne5 12. Be2 Nh7 13. f4 Nc6 14. Be3 Bf6
15. Bg4 Nd4 16. Rac1 Rfe8 17. Nd5 Nc6 18. c3 Ne7 19. Nb4 a5 20. Nc2 c5 21. Rcd1
b6 22. Rf2 Rad8 23. c4 Qc7 24. Na3 d5 25. Nb5 Qd7 26. Rfd2 d4 27. Bf2 Qc8 28.
Bh4 Kf8 29. Rd3 Qb8 30. Qf3 Bxh4 31. f6 Bxf6 32. Bh3 Nc8 33. g4 Nd6 34. Bg2 Nxb5
35. cxb5 Kg8 36. h4 Bxh4 37. g5 hxg5 38. fxg5 Bxg5 39. Qg4 Re6 40. Be4 Be3+ 41.
Rxe3 dxe3 42. Bxh7+ Kf8 43. Rf1 Qd6 {White resigns} 0-1

[Event "Team 45 45 League T53"]
[Site "Internet Chess Club"]
[Date "2012.05.26"]
[Round "2"]
[White "gnokin"]
[Black "room-matt"]
[Result "1-0"]
[WhiteElo "1880"]
[BlackElo "1746"]
[Opening "Evans gambit: Cordel variation"]
[ECO "C51"]
[Time "12:02:01"]
[TimeControl "2700+45"]

1. e4 e5 2. Nf3 Nc6 3. Bc4 Bc5 4. b4 Bxb4 5. c3 Be7 6. d4 Na5 7. Be2 exd4 8.
Qxd4 Nf6 9. e5 Nc6 10. Qh4 Nd5 11. Qg3 O-O 12. O-O Re8 13. c4 Nb6 14. Nc3 d6 15.
Rd1 Bd7 16. Bf4 Qc8 17. Ne4 Bf5 18. Nf6+ Bxf6 19. exf6 g6 20. Bd3 Bxd3 21. Rxd3
Nxc4 22. Qh4 h5 23. Bh6 Qe6 24. Bg7 N4e5 25. Qg5 Ng4 26. h3 Nce5 27. hxg4 Nxg4
28. Rd4 Qf5 29. Qxf5 gxf5 30. Rf4 Ne5 31. Rxf5 Nxf3+ 32. Rxf3 Re2 33. Rh3 Kh7
34. Rxh5+ Kg6 35. g4 Re4 36. f3 Rf4 37. Kf2 Rxf6 38. Bxf6 Kxf6 39. Rf5+ Kg6 40.
Re1 f6 41. Re6 Rf8 42. Ke3 Rf7 43. Kf4 Kg7 44. g5 fxg5+ 45. Kxg5 {Black resigns}
1-0

[Event "Team 45 45 League T53"]
[Site "Internet Chess Club"]
[Date "2012.05.28"]
[Round "2"]
[White "zap2"]
[Black "AlexMano"]
[Result "1-0"]
[WhiteElo "1789"]
[BlackElo "1750"]
[Opening "Réti opening"]
[ECO "A04"]
[Time "04:31:29"]
[TimeControl "2700+45"]

1. Nf3 d6 2. g3 g6 3. Bg2 Bg7 4. O-O Nf6 5. d3 O-O 6. Nbd2 c6 7. e4 Bd7 8. h3
Qc8 9. Kh2 Na6 10. c3 e5 11. Qe2 Qc7 12. Nc4 Be6 13. Ne3 b5 14. Nc2 Nc5 15. Nh4
d5 16. Be3 Ncd7 17. Qd2 dxe4 18. dxe4 Rad8 19. Qc1 Nb6 20. Bh6 Rd7 21. Bxg7 Kxg7
22. Ne3 Rfd8 23. b3 Rd3 24. Rd1 Rxd1 25. Nxd1 Qd6 26. Qc2 Qd2 27. Qxd2 Rxd2 28.
Nf3 Re2 29. Nxe5 Nxe4 30. Bxe4 Rxe4 31. Nxc6 a6 32. Ne3 Nd5 33. Nxd5 Bxd5 34.
Nd4 b4 35. f3 Re3 36. cxb4 Bxf3 37. Nxf3 Rxf3 38. Kg2 Rd3 39. Rf1 Kf8 40. h4 h5
41. Kh3 Ke7 42. Rf2 Ke6 43. Rc2 Kd7 44. Rc5 Rd2 45. Ra5 Rd6 46. b5 Rd5 47. Rxa6
Rxb5 48. Ra7+ Ke6 49. Kg2 f6 50. Ra6+ Kf5 51. Kf3 g5 52. hxg5 fxg5 53. Rh6 g4+
54. Ke3 Kg5 55. Rh8 Rf5 56. Ke4 Rf3 57. Rg8+ Kh6 58. Rh8+ Kg5 59. b4 Rxg3 60. b5
Ra3 61. b6 Rxa2 62. b7 Rb2 63. b8=Q Rxb8 64. Rxb8 Kh4 65. Rg8 Kh3 66. Kf4 Kh4
67. Rg5 g3 68. Rg6 g2 69. Rxg2 Kh3 70. Rg1 Kh2 71. Rg5 h4 72. Kg4 h3 73. Rh5
{Black resigns} 1-0

[Event "Team 45 45 League T53"]
[Site "Internet Chess Club"]
[Date "2012.05.23"]
[Round "2"]
[White "AntonioMendonca"]
[Black "Dracoac"]
[Result "1-0"]
[WhiteElo "1841"]
[BlackElo "1759"]
[Opening "Caro-Kann: Goldman (Spielmann) variation"]
[ECO "B11"]
[Time "16:18:30"]
[TimeControl "2700+45"]

1. e4 c6 2. Nc3 d5 3. Qf3 d4 4. Bc4 e6 5. Nce2 c5 6. d3 Bd7 7. a4 Nc6 8. Qg3 Na5
9. Bb5 Bxb5 10. axb5 b6 11. Nf3 Nf6 12. Bg5 h6 13. Bd2 Nb7 14. Ne5 Bd6 15. Qxg7
Rh7 16. Qg3 Qc7 17. Bf4 Rh8 18. Qg7 Rg8 19. Qxf6 Rxg2 20. Qh8+ Bf8 21. Ng6 Qd8
22. Qxf8+ Kd7 23. Qxf7+ Kc8 24. Qxe6+ Qd7 25. Ne7+ Kd8 26. Nc6+ Kc8 27. Nxa7+
Rxa7 28. Qxd7+ Kxd7 29. Rxa7 Kc8 30. Rxb7 Kxb7 31. Rg1 Rxg1+ 32. Nxg1 Kc8 33.
Bxh6 Kd7 34. Ke2 Kc8 35. Kf3 Kd7 36. Kg4 Ke6 37. f4 Kf6 38. f5 Kf7 39. Nf3 Kf6
40. e5+ Kf7 41. e6+ Kg8 42. f6 c4 43. f7+ Kh7 44. f8=Q cxd3 45. Qg7# {Black
checkmated} 1-0

[Event "Team 45 45 League T53"]
[Site "Internet Chess Club"]
[Date "2012.05.23"]
[Round "2"]
[White "beitmery"]
[Black "Terlizzi"]
[Result "1-0"]
[WhiteElo "1676"]
[BlackElo "1660"]
[Opening "QGA: 3.e4"]
[ECO "D20"]
[Time "16:26:24"]
[TimeControl "2700+45"]

1. d4 d5 2. c4 dxc4 3. e4 e5 4. d5 Nf6 5. Nc3 Bb4 6. f3 Bxc3+ 7. bxc3 b5 8. Ba3
a5 9. Qc2 Na6 10. Rb1 b4 11. cxb4 axb4 12. Bxb4 Nxb4 13. Rxb4 O-O 14. Rxc4 Ba6
15. Rxc7 Rc8 16. Rxc8 Bxc8 17. Bc4 Bd7 18. Ne2 Qa5+ 19. Qd2 Qc5 20. Bb3 Nh5 21.
Qc3 Qb6 22. Qxe5 Nf6 23. Qd4 Qa5+ 24. Qd2 Qb6 25. Nd4 Rc8 26. O-O Bb5 27. Rd1
Nd7 28. Kh1 Ne5 29. Rc1 Nc4 30. Bxc4 Bxc4 31. Nc6 Qc5 32. Qc3 {Black resigns}
1-0

[Event "Team 45 45 League T53"]
[Site "Internet Chess Club"]
[Date "2012.05.26"]
[Round "2"]
[White "Bonneville"]
[Black "DARKwizard1"]
[Result "1-0"]
[WhiteElo "1943"]
[BlackElo "2019"]
[Opening "KP: Nimzovich defense"]
[ECO "B00"]
[Time "15:03:37"]
[TimeControl "2700+45"]

1. e4 Nc6 2. d4 e5 3. d5 Nce7 4. Nf3 Ng6 5. Bd3 Bc5 6. Nc3 Nf6 7. Bd2 a6 8. Na4
Ba7 9. O-O d6 10. Nc3 h6 11. a4 Nh5 12. Be2 Nhf4 13. b4 Qf6 14. b5 Nxe2+ 15.
Qxe2 Bg4 16. bxa6 bxa6 17. Qc4 Bxf3 18. Qc6+ Ke7 19. Qxc7+ Kf8 20. Qc6 Rd8 21.
Qxa6 Bxg2 22. Qxa7 Nh4 23. Qc7 Bh3 24. f4 Rc8 25. Qb6 Qg6+ 26. Kf2 Bxf1 27. Rxf1
Qg2+ 28. Ke1 exf4 29. Qxd6+ Kg8 30. Qxf4 Qh3 31. Qxf7+ Kh7 32. Rf6 Ng2+ 33. Kd1
Rhf8 34. Qg6+ Kh8 35. Rxf8+ Rxf8 36. Qg3 Qh5+ 37. Kc1 Nh4 38. a5 Nf3 39. Bf4 Rc8
40. Kb2 Ra8 41. Bc7 Qf7 42. Nb5 Ng5 43. Qd3 Qe7 44. e5 Qb4+ 45. Ka2 Rf8 46. Qa3
Qc4+ 47. Qb3 Qe4 48. Kb2 Rf3 49. Nc3 Qe1 50. a6 Rf1 51. Qb8+ Kh7 52. a7 Qa1+ 53.
Kb3 Ne4 54. Nxe4 Rb1+ 55. Kc4 Qa2+ 56. Kd4 Rd1+ 57. Nd2 Rxd2+ 58. Kc5 Rxd5+ 59.
Kb6 Qa5+ 60. Kc6 Qc5+ 61. Kb7 Qb5+ 62. Ka8 Qd7 63. c4 Rc5 64. Qb1+ g6 65. Bb8
Qe6 66. Qb7+ Kg8 67. Bc7 Rxc4 68. Qb6 Rc6 69. Qb8+ Kf7 70. Bd6 Rc8 71. Kb7 Qd7+
72. Bc7 Re8 73. Qxe8+ Qxe8 74. a8=Q Qb5+ 75. Ka7 Qa4+ 76. Kb8 Qe8+ 77. Kb7 Qb5+
78. Bb6 Qd5+ 79. Ka7 Qxe5 80. Qf3+ Ke6 81. Qh3+ Kd5 82. Qd3+ Kc6 83. Qxg6+ Kb5
84. Qxh6 Qe7+ 85. Kb8 Qe8+ 86. Kc7 Qe7+ 87. Kc8 Qe8+ 88. Bd8 Qe4 89. h4 Qf5+ 90.
Kc7 Qc2+ 91. Kd7 Qf5+ 92. Qe6 Qh7+ 93. Kd6 Ka6 94. Kc5+ Kb7 95. Qc6+ Kb8 96.
Bc7+ Kc8 97. Be5+ Kd8 98. Bf6+ {Black resigns} 1-0

[Event "Team 45 45 League T53"]
[Site "Internet Chess Club"]
[Date "2012.05.27"]
[Round "2"]
[White "THE-WARRIOR"]
[Black "Philly-Boy"]
[Result "0-1"]
[WhiteElo "1761"]
[BlackElo "1831"]
[Opening "Nimzo-Indian defense"]
[ECO "E20"]
[Time "22:01:37"]
[TimeControl "2700+45"]

1. d4 Nf6 2. c4 e6 3. Nc3 Bb4 4. Bd2 d5 5. e3 O-O 6. Nf3 c5 7. dxc5 Bxc5 8. cxd5
exd5 9. Be2 Nc6 10. O-O a6 11. a3 Be6 12. Rc1 Rc8 13. b4 Ba7 14. Re1 d4 15. exd4
Nxd4 16. Nxd4 Qxd4 17. Be3 Qxd1 18. Nxd1 Rxc1 19. Bxc1 Rc8 20. Bb2 Rc2 21. Bxf6
gxf6 22. a4 Bb3 23. a5 Rc1 24. Kf1 Bc4 25. Ne3 Bxe2+ 26. Kxe2 Rc3 27. Rb1 Kg7
28. b5 Bxe3 29. fxe3 Ra3 30. bxa6 bxa6 31. Rb6 Rxa5 32. Kf3 Kg6 33. Kf4 Rf5+ 34.
Kg3 a5 35. Ra6 h5 36. h4 Rb5 37. Kf4 Rb4+ 38. e4 a4 39. g3 Rc4 40. Ra5 Rb4 41.
Ra6 Kg7 42. Kf5 Rb3 43. Kf4 Ra3 44. Ra5 Kg6 45. Ra8 Ra1 46. Ra5 a3 47. e5 a2
{White resigns} 0-1

[Event "Team 45 45 League T53"]
[Site "Internet Chess Club"]
[Date "2012.05.25"]
[Round "2"]
[White "pishd"]
[Black "badmove"]
[Result "0-1"]
[WhiteElo "1753"]
[BlackElo "1787"]
[Opening "Queen's pawn game"]
[ECO "A46"]
[Time "05:09:22"]
[TimeControl "2700+45"]

1. d4 Nf6 2. Nf3 e6 3. Bf4 d5 4. e3 c5 5. c3 Nc6 6. Nbd2 Bd6 7. Ne5 Qc7 8. Bb5
cxd4 9. cxd4 Bd7 10. Nxd7 Qxd7 11. Bg5 Be7 12. O-O O-O 13. Nf3 a6 14. Ne5 Qe8
15. Nxc6 bxc6 16. Ba4 Ne4 17. Bxe7 Qxe7 18. Bxc6 Rab8 19. f3 Nd6 20. b3 Rfc8 21.
Rc1 Rc7 22. Qe2 Rbc8 23. Qxa6 Ra7 24. Qe2 Rac7 25. Qa6 Ra7 26. Qb6 Rxa2 27. Ba4
Qg5 28. g3 Rxc1 29. Qxd6 Qxe3+ {White resigns} 0-1

[Event "Team 45 45 League T53"]
[Site "Internet Chess Club"]
[Date "2012.05.27"]
[Round "2"]
[White "Mobtaker"]
[Black "timothysmall56"]
[Result "1-0"]
[WhiteElo "1710"]
[BlackElo "1636"]
[Opening "KP: Nimzovich defense"]
[ECO "B00"]
[Time "14:00:08"]
[TimeControl "2700+45"]

1. e4 Nc6 2. Nf3 d6 3. d4 Bg4 4. Bb5 a6 5. Bxc6+ bxc6 6. c4 Nf6 7. Nc3 e5 8. d5
cxd5 9. cxd5 Be7 10. O-O O-O 11. Be3 Qb8 12. b3 Qb4 13. Qc2 Bxf3 14. gxf3 Rfc8
15. Kh1 c6 16. Qd3 cxd5 17. Nxd5 Nxd5 18. Qxd5 Qb5 19. Qd2 Rc6 20. Rg1 Rac8 21.
Bh6 Bf6 22. Bxg7 Bxg7 23. Qh6 Kf8 24. Rxg7 d5 25. Qxh7 Rc1+ 26. Rg1 Rxg1+ 27.
Rxg1 Rc2 28. Rg8+ Ke7 29. Qh4+ Kd7 30. Qd8+ {Black resigns} 1-0

[Event "Team 45 45 League T53"]
[Site "Internet Chess Club"]
[Date "2012.05.26"]
[Round "2"]
[White "Svend24"]
[Black "Lucas"]
[Result "1/2-1/2"]
[WhiteElo "1939"]
[BlackElo "2025"]
[Opening "Caro-Kann: Steinitz variation"]
[ECO "B17"]
[Time "10:00:44"]
[TimeControl "2700+45"]

1. e4 c6 2. d4 d5 3. Nc3 dxe4 4. Nxe4 Nd7 5. Nf3 Ngf6 6. Ng3 e6 7. Bd3 Bd6 8.
O-O O-O 9. Re1 Qc7 10. c3 b6 11. Qe2 Bb7 12. Ne5 Rfd8 13. Bg5 Nxe5 14. dxe5 Bxe5
15. Ne4 c5 16. Bxf6 Bxf6 17. Nxf6+ gxf6 18. Rad1 Kh8 19. Qh5 f5 20. Re3 Rg8 21.
Rg3 Rxg3 22. hxg3 Rd8 23. Bc2 Rxd1+ 24. Qxd1 Bc6 25. a3 Qd7 26. Qxd7 Bxd7 27. f4
Kg7 28. Kf2 h6 29. Bd1 Bc6 30. g4 fxg4 31. Bxg4 f5 32. Be2 Kf6 33. g3 e5 34.
fxe5+ Kxe5 35. Ke3 Be8 36. Bf3 Bf7 37. Bg2 h5 38. Bf3 Bg6 39. Bg2 h4 40. gxh4
f4+ 41. Kf2 b5 42. Bc6 a6 43. Bb7 a5 44. Bc6 b4 45. axb4 cxb4 46. cxb4 axb4 47.
Bb7 Be8 48. Kf3 Bh5+ 49. Kf2 Kd4 50. Bf3 Bg6 51. Be2 Ke4 52. Bb5 Bh5 53. Be2 Bg6
54. h5 Bh7 55. h6 Bg6 56. Bc4 Bh7 {Game drawn by mutual agreement} 1/2-1/2

[Event "Team 45 45 League T53"]
[Site "Internet Chess Club"]
[Date "2012.05.25"]
[Round "2"]
[White "Tobiasdelmonte"]
[Black "viking99"]
[Result "1-0"]
[WhiteElo "1808"]
[BlackElo "1795"]
[Opening "French: Winawer, fingerslip variation"]
[ECO "C15"]
[Time "22:01:50"]
[TimeControl "2700+45"]

1. e4 e6 2. d4 d5 3. Nc3 Bb4 4. Bd2 Ne7 5. Bd3 c5 6. Nf3 Nbc6 7. O-O cxd4 8. Nb5
Bxd2 9. Qxd2 e5 10. exd5 Nxd5 11. Rfe1 f6 12. Nbxd4 Nxd4 13. Nxd4 O-O 14. Nf5
Nf4 15. Ng3 Nxd3 16. cxd3 b6 17. Rad1 Qd5 18. b3 Bb7 19. f3 Rad8 20. Nf5 Rf7 21.
d4 g6 22. Nh6+ Kg7 23. Nxf7 Kxf7 24. Qh6 Kg8 25. h4 Rf8 26. h5 Qf7 27. dxe5 fxe5
28. hxg6 hxg6 29. Rxe5 Bc8 30. Rg5 Bf5 31. Rd6 Qh7 32. Rgxg6+ {Black resigns}
1-0

[Event "Team 45 45 League T53"]
[Site "Internet Chess Club"]
[Date "2012.05.29"]
[Round "2"]
[White "Innes"]
[Black "quotha"]
[Result "0-1"]
[WhiteElo "1810"]
[BlackElo "1657"]
[Opening "Philidor's defense"]
[ECO "C41"]
[Time "14:00:16"]
[TimeControl "2700+45"]

1. e4 e5 2. Nf3 d6 3. Bc4 Be7 4. d4 exd4 5. c3 Nf6 6. O-O O-O 7. cxd4 d5 8. exd5
Nxd5 9. Nc3 Be6 10. Bd3 Nc6 11. Re1 Bf6 12. Ne5 Ndb4 13. Nxc6 Nxc6 14. Bxh7+
Kxh7 15. Qh5+ Kg8 16. d5 Bxc3 17. Rxe6 fxe6 18. bxc3 Qf6 19. Be3 exd5 20. Rd1
Ne7 21. Bd4 Qf5 22. Qe2 Rae8 23. Qb2 b6 24. c4 Rf7 25. Re1 Ref8 26. Re5 Qd3 27.
h4 Nf5 28. Rxd5 Qd1+ 29. Kh2 Nxd4 30. Rxd4 Qe1 31. Rg4 Qxf2 32. Qb3 c5 33. Qd3
Qf5 34. Qg3 Rd8 35. Rg5 Qf6 36. h5 Qd6 37. Re5 Kf8 38. Kh3 Qd3 39. Re3 Qf5+ 40.
Qg4 Qxg4+ 41. Kxg4 Rd4+ 42. Kg3 Rxc4 43. Rd3 Rd4 {White resigns} 0-1

[Event "Team 45 45 League T53"]
[Site "Internet Chess Club"]
[Date "2012.05.28"]
[Round "2"]
[White "vigneshv"]
[Black "Mitochondria"]
[Result "1/2-1/2"]
[WhiteElo "1521"]
[BlackElo "1465"]
[Opening "QGD: exchange, positional line"]
[ECO "D35"]
[Time "22:54:25"]
[TimeControl "2700+45"]

1. d4 d5 2. c4 e6 3. Nc3 Nf6 4. cxd5 exd5 5. Bg5 Be7 6. e3 O-O 7. Bb5 c6 8. Ba4
Be6 9. Nf3 Nbd7 10. O-O Qb6 11. Qb3 Qa6 12. Qc2 Rac8 13. Ne5 Nb6 14. Bb3 Rfe8
15. Qe2 Nc4 16. Bxc4 dxc4 17. Rfc1 b5 18. b3 Qb7 19. Rab1 Qc7 20. bxc4 b4 21.
Bxf6 gxf6 22. Nxc6 bxc3 23. Nxe7+ Rxe7 24. Rxc3 Qa5 25. Rc2 Kh8 26. c5 Rg8 27.
Qe1 Qc7 28. Rcb2 Bf5 29. Rc1 Qc6 30. f3 Rb7 31. Rxb7 Qxb7 32. e4 Qb2 33. g4
Qxd4+ 34. Qf2 Qxf2+ 35. Kxf2 Be6 36. a4 Rb8 37. c6 Rb2+ 38. Kg3 Ra2 39. c7 Bc8
40. Rc4 Kg7 41. h3 Rd2 42. Kf4 {Game drawn by mutual agreement} 1/2-1/2

[Event "Team 45 45 League T53"]
[Site "Internet Chess Club"]
[Date "2012.05.25"]
[Round "2"]
[White "Twan709"]
[Black "Beetlejuice"]
[Result "1-0"]
[WhiteElo "1720"]
[BlackElo "1767"]
[Opening "Sicilian: Taimanov variation"]
[ECO "B48"]
[Time "15:01:56"]
[TimeControl "2700+45"]

1. e4 c5 2. Nf3 e6 3. d4 cxd4 4. Nxd4 Nc6 5. Nc3 Qc7 6. Be3 a6 7. Qd2 Nf6 8.
O-O-O Bb4 9. f3 Ne5 10. a3 Be7 11. g4 b5 12. Bf4 d6 13. h4 Nc4 14. Bxc4 bxc4 15.
Nde2 e5 16. Be3 Rb8 17. g5 Qb7 18. Na4 Nd7 19. Nec3 Nf8 20. Nd5 Bd7 21. Nab6 Qc6
22. Nxe7 Kxe7 23. Nxc4 Qxc4 24. Qxd6+ Ke8 25. Qxb8+ Bc8 26. Qxe5+ Ne6 27. f4
{Black resigns} 1-0

[Event "Team 45 45 League T53"]
[Site "Internet Chess Club"]
[Date "2012.05.31"]
[Round "2"]
[White "misuc56"]
[Black "ddlj81"]
[Result "1-0"]
[WhiteElo "1807"]
[BlackElo "1785"]
[Opening "QGD Slav defense"]
[ECO "D10"]
[Time "23:30:38"]
[TimeControl "2700+45"]

1. d4 d5 2. c4 c6 3. e3 Nf6 4. h3 Bf5 5. Nc3 e6 6. Nf3 Bd6 7. c5 Bc7 8. Bd2 O-O
9. Be2 b6 10. b4 a5 11. a3 axb4 12. axb4 Rxa1 13. Qxa1 bxc5 14. bxc5 Nbd7 15.
O-O Re8 16. Qa4 Qa8 17. Ra1 Qxa4 18. Rxa4 e5 19. Ra7 Bb8 20. Ra6 exd4 21. exd4
Ne4 22. Nxe4 dxe4 23. Nh4 e3 24. fxe3 Be4 25. Bf3 Bd3 26. Ra3 Bb5 27. g4 g6 28.
Ng2 Nf6 29. Kf2 Ne4+ 30. Bxe4 Rxe4 31. Ra8 Re8 32. Kf3 Kf8 33. h4 Bc7 34. Rxe8+
Kxe8 35. e4 Bc4 36. Ne3 Bb3 37. d5 cxd5 38. exd5 Be5 39. Ke4 Bg7 40. Bb4 Kd8 41.
c6 Kc7 42. Ba5+ {Black resigns} 1-0

[Event "Team 45 45 League T53"]
[Site "Internet Chess Club"]
[Date "2012.05.30"]
[Round "2"]
[White "saZmer"]
[Black "rubo"]
[Result "1/2-1/2"]
[WhiteElo "1666"]
[BlackElo "1714"]
[Opening "Caro-Kann: Panov-Botvinnik attack"]
[ECO "B13"]
[Time "14:00:12"]
[TimeControl "2700+45"]

1. e4 c6 2. d4 d5 3. exd5 cxd5 4. c4 Nf6 5. Nc3 Nc6 6. cxd5 Nxd5 7. Bc4 Nb6 8.
Bb5 e6 9. Nf3 Be7 10. O-O O-O 11. Bf4 Nd5 12. Bg3 Bf6 13. Ne4 Be7 14. Qa4 Nb6
15. Qd1 Qd5 16. Nc3 Qd8 17. Rc1 Bd7 18. Re1 Rc8 19. d5 Nxd5 20. Nxd5 exd5 21.
Qxd5 Be6 22. Qxd8 Rfxd8 23. h3 Bf6 24. b3 Nd4 25. Nxd4 Bxd4 26. Red1 Bb6 27. Bf4
h6 28. Be2 Rxd1+ 29. Bxd1 Rxc1 30. Bxc1 Bc5 31. Bf3 b6 32. Bf4 a5 33. Kf1 Kf8
34. Ke2 a4 35. bxa4 Bxa2 36. Be3 Bc4+ 37. Kd2 Bb4+ 38. Kc2 b5 39. axb5 Bxb5 40.
Kb3 Bd6 41. Kc3 Ke7 42. Bd4 f6 43. Bd5 Bf1 44. Be3 Be5+ 45. Bd4 Kd6 46. Be4 g5
47. Bb7 h5 48. Bf3 f5 49. Bb7 h4 50. Bc8 f4 51. Bb7 Be2 52. Ba8 g4 53. hxg4 Bxg4
54. Bb7 f3 55. Kd3 Bf5+ 56. Ke3 fxg2 57. Bxg2 h3 58. Bb7 h2 59. Bxe5+ Kxe5 60.
Bh1 Bg4 {Game drawn by mutual agreement} 1/2-1/2

[Event "Team 45 45 League T53"]
[Site "Internet Chess Club"]
[Date "2012.05.27"]
[Round "2"]
[White "IceBox"]
[Black "Sir-Sinister"]
[Result "1/2-1/2"]
[WhiteElo "1858"]
[BlackElo "1914"]
[Opening "Queen's pawn game, Chigorin variation"]
[ECO "A40"]
[Time "17:00:25"]
[TimeControl "2700+45"]

1. d4 Nc6 2. Nf3 d5 3. c4 Bg4 4. Nc3 e6 5. cxd5 exd5 6. Qb3 Bxf3 7. exf3 Rb8 8.
Bb5 Nf6 9. O-O Be7 10. Qa4 Qd6 11. Qxa7 O-O 12. Qa4 Ra8 13. Qd1 Qb4 14. Bxc6
bxc6 15. Qd3 Bd6 16. a4 Rfe8 17. Bg5 Nh5 18. g3 h6 19. Bd2 Qb3 20. Rfc1 Nf6 21.
Qc2 {Game drawn by mutual agreement} 1/2-1/2